 Dungeon Sprint DCSS version 0.31-a0-588-g14bffd4ff3 (webtiles) character file.

Game seed: 4155211475855024703

233 Conn the Arsonist (level 6, 0/37 HPs)
             Began as an Octopode Fire Elementalist on Aug 19, 2023.
             Slain by a water moccasin (6 damage)
             ... in the Dungeon (Sprint II: "The Violet Keep of Menkaure").
             The game lasted 00:01:38 (83 turns).

Conn the Arsonist (Octopode Fire Elementalist)        Turns: 83, Time: 00:01:39

Health: 0/37       AC:  1    Str:  7    XL:     6   Next: 5%
Magic:  6/15       EV: 14    Int: 19    God:
Gold:   486        SH:  0    Dex: 13    Spells: 16/17 levels left

rFire   . . .        (no weapon)
rCold   . . .        (no shield)
rNeg    . . .        (helmet restricted)
rPois   .            (no amulet)
rElec   .            (no ring)
rCorr   .            (no ring)
SInv    .            (no ring)
Will    .....        (no ring)
Stlth   +++++        (no ring)
HPRegen 0.26/turn    (no ring)
MPRegen 0.14/turn    (no ring)
                     (no ring)

%: no teleportation
@: no status effects
A: almost no armour, amphibious, 8 rings, camouflage 1, gelatinous body 1,
nimble swimmer 1, tentacles
a: no special abilities


You were in the Dungeon.
You visited 1 branch You collected 486 gold pieces.

Inventory:

Scrolls
 f - a scroll of blinking
Potions
 a - 2 potions of magic
 b - a potion of curing
 c - a potion of heal wounds


   Skills:
 + Level 0.6 Fighting
 + Level 3.9 Dodging
 + Level 5.4 Stealth
 * Level 6.1 Spellcasting
 * Level 4.8 Conjurations
 + Level 8.0 Fire Magic


You had 16 spell levels left.
You knew the following spells:

 Your Spells              Type           Power      Damage    Failure   Level
a - Foxfire               Conj/Fire      100%       2x1d9     1%          1

Your spell library contained the following spells:

 Spells                   Type           Power      Damage    Failure   Level
 Scorch                   Fire           72%        2d8       1%          2
 Inner Flame              Hex/Fire       21%        N/A       6%          3
 Volatile Blastmotes      Fire/Tloc      42%        2d13      6%          3
 Flame Wave               Conj/Fire      30%        2d9       8%          4


Dungeon Overview and Level Annotations

Branches:
Dungeon (1/1)

Altars:

Shops:
D ![([:[!!=?*=:(

Annotations:
D Roxanne


Innate Abilities, Weirdness & Mutations

You cannot wear most types of armour.
You are amphibious.
You can wear up to eight rings at the same time.
Your skin changes colour to match your surroundings (Stealth+).
Your rubbery body absorbs attacks. (AC +1, EV +1)
You are camouflaged when in or above water. (Stealth+)
You have tentacles for arms and can constrict up to eight enemies at once.


Message History

Found Loegh's Book Boutique.
Found Kenazxeodd's General Store and Mymnorph's Magic Scroll Shop.
Found Ryuq's Distillery and Puapuqub's Distillery.
You recover from your berserk rage.
Found Feshrumi's Armour Shop and Enommikk's Antique Armour Shop.
Found four shops.
Your extra speed is starting to run out.
Found Foepsuips's Jewellery Shop and Qauriv's Book Boutique.
A water moccasin comes into view.
Found 81 gold pieces.
Casting: Foxfire (safe; 1% risk of failure)
Confirm with . or Enter, or press ? or * to list all spells.
You conjure some foxfire!
The water moccasin hisses angrily.
Unknown command.
Your foxfire dissipates!
Unknown command.
Casting: Foxfire (safe; 1% risk of failure)
Confirm with . or Enter, or press ? or * to list all spells.
You conjure some foxfire!
The foxfire hits the water moccasin.
The water moccasin is moderately wounded.
Unknown command.
Your foxfire dissipates!
You feel yourself slow down.
The foxfire hits the water moccasin.
The water moccasin is moderately wounded.
The water moccasin is engulfed in a cloud of scalding steam.
Unknown command.
Casting: Foxfire (safe; 1% risk of failure)
Confirm with . or Enter, or press ? or * to list all spells.
You don't know that spell.
You closely miss the water moccasin. Your grab misses the water moccasin.
Your squeeze misses the water moccasin.
The water moccasin is moderately wounded.
The water moccasin is engulfed in a cloud of scalding steam.
The water moccasin bites you!
* * * LOW HITPOINT WARNING * * *
The water moccasin is engulfed in a cloud of scalding steam.
The water moccasin bites you.
You die...

~##
########~~#+++#
#######~~~....
..∩.∩.#~~~~.#
.∩.∩..#~~~~#
∩.∩...#~§§~
.∩....#§~#
∩.∩...#S# #+#
...∩..#@# ####.##
..∩.∩.+§+##.'.<.+
...∩.∩#~#...##.##
▓▓▓▓###~##.###†##
h######~~####.#.##
$ ##~~~#..#..#
#+#~###.### ~
#~~##'##~~~§
##~~~~~~~~~~§


You could see a polar bear (asleep) and a water moccasin.

Vanquished Creatures
  4 scorpions (D)
  2 worms (D)
6 creatures vanquished.

Vanquished Creatures (others)
  10 foxfires (D)
10 creatures vanquished.

Grand Total: 16 creatures vanquished

Notes
Turn   | Place    | Note
-------+----------+-------------------------------------------
     0 | D        | Conn the Octopode Fire Elementalist began the quest for the
                  | Orb.
     0 | D        | Reached XP level 1. HP: 11/11 MP: 3/3
    15 | D        | Reached skill level 4 in Fire Magic
    33 | D        | Noticed a scorpion
    33 | D        | Noticed a scorpion
    33 | D        | Noticed a scorpion
    33 | D        | Noticed a scorpion
    38 | D        | Killed a scorpion
    39 | D        | Reached skill level 5 in Fire Magic
    39 | D        | Reached XP level 2. HP: 11/17 MP: 2/7
    39 | D        | Reached XP level 3. HP: 13/21 MP: 2/8
    39 | D        | Reached XP level 4. HP: 17/27 MP: 2/10
    40 | D        | Killed a scorpion
    41 | D        | Reached skill level 6 in Fire Magic
    41 | D        | Reached XP level 5. HP: 19/32 MP: 3/12
    44 | D        | Reached skill level 5 in Stealth
    44 | D        | Reached skill level 5 in Spellcasting
    44 | D        | Reached skill level 7 in Fire Magic
    46 | D        | Reached skill level 8 in Fire Magic
    46 | D        | Reached XP level 6. HP: 11/37 MP: 3/15
    67 | D        | Noticed Roxanne
    70 | D        | Found Luly's Antique Weapon Shop.
    71 | D        | Found Loegh's Book Boutique.
    72 | D        | Found Kenazxeodd's General Store.
    72 | D        | Found Mymnorph's Magic Scroll Shop.
    73 | D        | Found Ryuq's Distillery.
    73 | D        | Found Puapuqub's Distillery.
    74 | D        | Found Feshrumi's Armour Shop.
    74 | D        | Found Enommikk's Antique Armour Shop.
    75 | D        | Found Osijoh's Antique Armour Shop.
    75 | D        | Found Dawiram's Distillery.
    75 | D        | Found Miutt's Jewellery Shop.
    75 | D        | Found Xuigux's Antique Weapon Boutique.
    75 | D        | Noticed a polar bear
    76 | D        | Found Foepsuips's Jewellery Shop.
    76 | D        | Found Qauriv's Book Boutique.
    78 | D        | Noticed a water moccasin
    83 | D        | Slain by a water moccasin

Illustrated notes

Levels and vault maps discovered:
D:        the_violet_keep_of_menkaure [sprint2_stairs_cluster_1,
          sprint2_shoproom, sprint2_temple, sprint2_basic_supplies,
          sprint2_obstacle_6, sprint2_obstacle_1, sprint2_obstacle_3,
          sprint2_obstacle_2, sprint2_obstacle_4, sprint2_timed_cluster_1,
          sprint2_smallroom_cluster_1, sprint2_smallroom_final_cluster_1,
          sprint2_transparent_cluster_1, sprint2_second_timed_cluster_1,
          sprint2_sniper_area_1, sprint2_heavy_combat_area_1,
          sprint2_mutation_trap_area_1, sprint2_forest_area_1,
          sprint2_light_combat_area_1, sprint2_behind_water_1,
          sprint2_near_end_vault_1]

Skill      XL: |  1  2  3  4  5 |
---------------+----------------+-----
Stealth        | 4 5 |  5.4
Fire Magic     | 5 6 8 |  8.0
Spellcasting   | 4 6 |  6.1
Conjurations   | 2 3 4 |  4.8
Dodging        | 3 |  3.9
Fighting       | |  0.6

Action                     |  1- 3 |  4- 6 || total
---------------------------+-------+-------++-------
  Melee: Unarmed           |     7 |     8 ||    15
         Constrict         |     1 |     3 ||     4
         Tentacles         |     1 |     3 ||     4
   Cast: Foxfire           |     6 |     2 ||     8
    Use: Potion            |     3 |       ||     3
 Armour: Skin              |       |     1 ||     1
  Dodge: Dodged            |     2 |     1 ||     3

Table legend: (Time is in decaauts)
 A = Elapsed time spent in this place.
 B = Non-inter-level travel time spent in this place.
 C = Inter-level travel time spent in this place.
 D = Time resting spent in this place.
 E = Time spent auto-exploring this place.
 F = Levels seen in this place.
 G = Mean time per level.
                   A        B        C        D        E       F      G
               +--------+--------+--------+--------+--------+-----+--------+
         Total |     73 |     73 |      0 |     14 |      0 |   1 |   73.0 |
       Dungeon |     73 |     73 |      0 |     14 |      0 |   1 |   73.0 |
               +--------+--------+--------+--------+--------+-----+--------+

Top non-repeatable levels by time:
       D: 73 daAuts
